 Dungeon Crawl Stone Soup version 0.31.0-2-g5a2aebc5c2 (webtiles) character file.

Game seed: 7887507370387553261

250 mainiacjoe the Trooper (level 6, -2/48 HPs)
             Began as a Djinni Cinder Acolyte on Jan 20, 2024.
             Was a High Priest of Ignis.
             Slain by an ufetubus (4 damage)
             ... summoned by a ynoxinul
             ... on level 1 of the Abyss on Jan 21, 2024.
             The game lasted 00:14:15 (3133 turns).

mainiacjoe the Trooper (Djinni Cinder Acolyte)      Turns: 3133, Time: 00:14:15

Health: -2/48      AC:  6    Str: 10 (13) XL:     6   Next: 35%
Gold:   209        EV: 11    Int: 15 (17) God:    Ignis [*****.] SH:  0 Dex:  6 (9)

rFire   + + +        b - +1 war axe
rCold   x . .        (no shield)
rNeg    . . .        k - +0 robe
rPois   ∞            (no helmet)
rElec   .            (no cloak)
rCorr   .            (no gloves)
SInv    .            (boots unavailable)
Will    .....        (no amulet)
Stlth   +            m - +4 ring of protection
HPRegen 0.28/turn    c - ring of wizardry
MPRegen 0.00/turn

%: wizardry (x1), infuse magic (-3 HP)
@: mighty, brilliant, about to teleport, flying, very slightly contaminated
A: sickness immunity, fire resistance 2, cold vulnerability 1, float, innate
caster, HP casting, extra vitality 1
a: Renounce Religion, Fiery Armour, Foxfire Swarm, Rising Flame


You were on level 1 of the Abyss.
You worshipped Ignis.
Ignis was extremely pleased with you.
You visited 1 branch of the dungeon, and saw 3 of its levels.
You visited the Abyss 1 time.

You collected 209 gold pieces.

Inventory:

Hand Weapons
 b - a +1 war axe (weapon)
 g - a -1 falchion of flaming
 n - a +0 short sword of venom
 s - a +0 sling
Missiles
 d - 6 poisoned darts
 f - 39 stones
 q - 2 boomerangs
 r - a throwing net {=F}
Armour
 k - a +0 robe (worn)
Magical Staves
 a - the staff of Nuostrama {rN+ Conj, !a}
   (You found it on level 2 of the Dungeon)

   [staff of conjuration]

   Base accuracy: +5 Base damage: 5 Base attack delay: 1.2 This weapon's minimum
   attack delay (0.6) is reached at skill level 12.
   rN+:       It protects you from negative energy.
   Conj:      It increases the power of your Conjurations spells.
   It falls into the 'Staves' category.
   It is a one-handed weapon.
Jewellery
 c - a ring of wizardry (right hand)
 m - a +4 ring of protection (left hand)
 p - a +6 ring of strength
Wands
 o - a wand of polymorph (1)
Potions
 h - a potion of attraction
 i - a potion of invisibility


   Skills:
 + Level 4.7 Fighting
 - Level 0.8(2.0) Short Blades
 - Level 2.9(3.0) Long Blades
 - Level 1.5 Axes
 + Level 3.7 Spellcasting
 + Level 3.7 Conjurations
 + Level 3.7 Hexes
 + Level 3.7 Summonings
 + Level 3.7 Necromancy
 + Level 3.7 Translocations
 + Level 3.7 Fire Magic
 + Level 3.7 Ice Magic
 + Level 3.7 Air Magic
 + Level 3.7 Earth Magic
 + Level 3.7 Alchemy


You knew the following spells:

 Your Spells              Type           Power      Damage    Failure   Level
a - Magic Dart            Conj           80%        1d7       1%          1
b - Scorch                Fire           40%        2d6       2%          2
c - Searing Ray           Conj           40%        2d5       2%          2
Your spell library was empty.

Dungeon Overview and Level Annotations

Branches:
Dungeon (3/15)

Altars:

Portals:
Abyss: D:3

Annotations:
D:3 2 transporters, MysticSailboat's ghost, amateur DjFE; Sigmund


Innate Abilities, Weirdness & Mutations

You are immune to sickness and miasma.
You are immune to poison.
Your flesh is very heat resistant. (rF++)
You are vulnerable to cold. (rC-)
You float through the air rather than walking.
You learn spells naturally, not from books.
Your magical power is your life essence.
You have superior vitality. (+4 MHP)


Message History

The ufetubus misses you. x2
The ufetubus hits you but does no damage.
The ufetubus closely misses you. The ufetubus barely misses you. x2
You barely miss the ufetubus. You closely miss the ufetubus.
The ufetubus hits you.
* * * LOW HITPOINT WARNING * * *
The ufetubus barely misses you. x2; The ufetubus closely misses you.
The ufetubus misses you. The ufetubus closely misses you.
The ufetubus barely misses you. The ufetubus closely misses you.
Unknown command.
As you read the scroll of teleportation, it crumbles to dust.
You feel strangely unstable.
You feel the power of the Abyss delaying your translocation!
The ufetubus hits you.
* * * LOW HITPOINT WARNING * * *
The ufetubus closely misses you.
The ufetubus hits you but does no damage. x2
The ufetubus misses you. The ufetubus barely misses you.
Casting: Searing Ray (safe; 2% risk of failure)
Confirm with . or Enter, or press ? or * to list all spells.
You feel a surge of power!
Flames lash the ynoxinul.
The ynoxinul is lightly wounded.
The ynoxinul's fire resistance burns away.
* * * LOW HITPOINT WARNING * * *
The ufetubus completely misses you. The ufetubus hits you.
* * * LOW HITPOINT WARNING * * *
The ufetubus closely misses you. The ufetubus hits you.
* * * LOW HITPOINT WARNING * * *
The ufetubus hits you but does no damage.
The ufetubus barely misses you.
Casting: Scorch (safe; 2% risk of failure)
Confirm with . or Enter, or press ? or * to list all spells.
You feel a surge of power!
You miscast Scorch.
You are very lightly contaminated with residual magic.
Nothing appears to happen.
* * * LOW HITPOINT WARNING * * *
The ufetubus barely misses you. x2; The ufetubus closely misses you.
The ufetubus misses you. The ufetubus barely misses you. The ufetubus hits you.
You die...

. .## ## ..#
#.# #.### ##.#
# #... ..#.#
.###
#.5##.#..#
..#.. #..@5..#
#.
.###3#...#.# #
.#.#.#....#
#....#...####
##. #...#...#
.. .. #......#
# ..#
........#....#
... #..###
.##.# ..
#..#..####...
.# ##


You could see a ynoxinul (combustible) and 2 ufetubi.

Vanquished Creatures
  A hound (D:3)
  2 orc wizards (D:3)
  4 gnolls
  3 adders
  3 ribbon worms
  A dart slug (D:3)
  7 orcs (D:3)
  4 endoplasms
  2 giant cockroaches (D:3)
  6 goblins
  13 hobgoblins
  10 jackals
  8 kobolds
  A quokka (D:1)
  5 ball pythons
  5 bats
  4 frilled lizards
  6 rats
85 creatures vanquished.

Notes
Turn   | Place    | Note
-------+----------+-------------------------------------------
     0 | D:1      | mainiacjoe the Djinni Cinder Acolyte began the quest for
                  | the Orb.
     0 | D:1      | mainiacjoe set off with the following spells memorised:
                  | Scorch.
     0 | D:1      | Reached XP level 1. HP: 20/20 MP: 0/0
   445 | D:1      | Reached XP level 2. HP: 23/25 MP: 0/0
   449 | D:1      | Found a faded altar of an unknown god.
   798 | D:1      | Reached XP level 3. HP: 30/30 MP: 0/0
   798 | D:1      | Learned a level 1 spell: Magic Dart
  1409 | D:2      | Reached skill level 1 in Axes
  1465 | D:2      | Reached XP level 4. HP: 12/35 MP: 0/0
  1620 | D:2      | Identified the staff of Nuostrama {rN+ Conj}
  2132 | D:3      | Found a transporter.
  2138 | D:3      | Found a one-way gate to the infinite horrors of the Abyss.
  2146 | D:3      | Noticed MysticSailboat's ghost (amateur DjFE)
  2191 | D:3      | Reached XP level 5. HP: 10/41 MP: 0/0
  2191 | D:3      | Learned a level 2 spell: Searing Ray
  2354 | D:3      | Reached skill level 4 in Fighting
  2688 | D:3      | Reached XP level 6. HP: 43/48 MP: 0/0
  2828 | D:3      | Found a transporter.
  2830 | D:3      | Noticed a small abomination
  2945 | D:3      | Noticed a small abomination
  3063 | D:3      | Noticed Sigmund
  3098 | Abyss:1  | Cast into level 1 of the Abyss (Sigmund)
  3111 | Abyss:1  | Noticed a ynoxinul
  3132 | Abyss:1  | HP: 2/48 [ufetubus[a ynoxinul] (4)]
  3133 | Abyss:1  | Slain by an ufetubus

Illustrated notes

Levels and vault maps discovered:
D:1:      nagdon_arrival_zigzag_paths, layout_basic,
          hellmonk_ecumenical_altar_arch_garden
D:2:      kennysheep_six_static_rooms, layout_loops_cross
D:3:      layout_basic, gammafunk_ghost_abyssal_escape, uniq_sigmund
Abyss:1:  base:
D:1

Skill      XL: |  1  2  3  4  5 |
---------------+----------------+-----
Axes           | 1 |  1.5
Spellcasting   | 3 |  3.7
Conjurations   | 3 |  3.7
Hexes          | 3 |  3.7
Summonings     | 3 |  3.7
Necromancy     | 3 |  3.7
Translocations | 3 |  3.7
Fire Magic     | 3 |  3.7
Ice Magic      | 3 |  3.7
Air Magic      | 3 |  3.7
Earth Magic    | 3 |  3.7
Alchemy        | 3 |  3.7
Fighting       | 4 |  4.7
Short Blades   | |  0.8
Long Blades    | |  2.9

Action                     |  1- 3 |  4- 6 || total
---------------------------+-------+-------++-------
  Melee: Falchion          |    52 |       ||    52
         Short sword       |    20 |       ||    20
         War axe           |     3 |     4 ||     7
   Cast: Scorch            |    19 |    19 ||    38
         Magic Dart        |     8 |    70 ||    78
         Searing Ray       |       |    11 ||    11
  Evoke: Wand              |       |     4 ||     4
    Use: Scroll            |     5 |     4 ||     9
         Potion            |       |     3 ||     3
 Armour: Robe              |    59 |    53 ||   112
  Dodge: Dodged            |    58 |    55 ||   113
